 Dungeon Crawl Stone Soup version 0.19.1 (webtiles) character file.

156 Gargoyl the Distorting Demonspawn (level 5, -1/41 HPs)
             Began as a Demonspawn Abyssal Knight on Nov 25, 2016.
             Was a Believer of Lugonu.
             Slain by Pikel
             ... wielding a +0 whip of freezing
              (2 damage)
             ... on level 4 of the Dungeon.
             The game lasted 00:07:31 (2898 turns).

Gargoyl the Distorting Demonspawn (DsAK)            Turns: 2898, Time: 00:07:32

Health: -1/41      AC: 11    Str: 13    XL:     5   Next: 15%
Magic:  7/7        EV:  3    Int: 13    God:    Lugonu [**....]
Gold:   241        SH:  3    Dex: 13    Spells: 0 memorised, 4 levels left

rFire  + . .     SeeInvis .     a - +2 hand axe
rCold  . . .     Gourm    .     e - +0 plate armour
rNeg   . . .     Faith    .     q - +0 buckler
rPois  .         Spirit   .     (helmet restricted)
rElec  .         Reflect  .     (no cloak)
rCorr  .         Harm     .     (no gloves)
MR     .....                    (no boots)
Stlth  ..........               (no amulet)
                                (no ring)
                                j - ring of protection from fire

@: no status effects
A: antennae 1, talons 1, powered by pain 1
a: Depart the Abyss, Bend Space, Renounce Religion


You were on level 4 of the Dungeon.
You worshipped Lugonu.
Lugonu was pleased with you.
You were hungry.

You visited 1 branch of the dungeon, and saw 4 of its levels.
You visited the Abyss 1 time.

You collected 241 gold pieces.

Inventory:

Hand Weapons
 a - a +2 hand axe (weapon)
Armour
 e - a +0 plate armour (worn)
 q - a +0 buckler (worn)
Jewellery
 j - a ring of protection from fire (left hand)
Wands
 f - a wand of disintegration (7/24)
 g - a wand of teleportation (5/9)
 l - a wand of teleportation (4/9)
Scrolls
 d - 8 scrolls of identify
 p - 2 scrolls of fog
Comestibles
 b - a beef jerky
 c - 2 bread rations
 h - 2 meat rations


   Skills:
 + Level 3.6 Fighting
 + Level 3.0 Axes
 * Level 3.1 Armour
 + Level 1.1 Dodging
 * Level 3.6 Invocations


You had 4 spell levels left.
You didn't know any spells.

Dungeon Overview and Level Annotations

Branches:
Dungeon (4/15)
 Temple: D:4-7

Altars:

Annotations:
D:4 Pikel


Innate Abilities, Weirdness & Mutations

You have a pair of small antennae on your head.
You have sharp toenails.
You sometimes gain a little power by taking damage.


Message History

Pikel hits you with a whip of freezing.
* * * LOW HITPOINT WARNING * * *
Pikel freezes you.
* * * LOW HITPOINT WARNING * * *
You hit Pikel. You claw Pikel, but do no damage.
Pikel is almost dead.
Pikel hits you with a whip of freezing.
* * * LOW HITPOINT WARNING * * *
Pikel freezes you.
* * * LOW HITPOINT WARNING * * *
Pikel hits you with a whip of freezing.
* * * LOW HITPOINT WARNING * * *
Pikel freezes you.
* * * LOW HITPOINT WARNING * * *
You hit Pikel. You claw Pikel, but do no damage.
Pikel is almost dead.
Pikel hits you with a whip of freezing.
* * * LOW HITPOINT WARNING * * *
Pikel freezes you.
You die...

#.# #.# #.# ..#.#
..#.# ..#.# #.#.#
#.#.######
#.#@##...
######.#K##.#######
.......Spp{........
.$......###p##.###
#######.###.#
#.{##p# #####.##p#
#........#
##.##.####


You could see Pikel, 2 slaves and an adder.

Vanquished Creatures
  Jessica (D:2)
  2 adders
  4 gnolls (D:2)
  An ooze (D:4)
  3 dart slugs
  2 leopard geckos
  8 orcs (D:3)
  6 bats
  A giant cockroach (D:1)
  4 goblins
  7 hobgoblins
  2 jackals (D:2)
  A quokka (D:2)
  8 frilled lizards
  3 kobolds
  6 rats
59 creatures vanquished.

Notes
Turn   | Place    | Note
-------+----------+-------------------------------------------
     0 | Abyss:1  | Gargoyl the Demonspawn Abyssal Knight began the quest for the Orb.
     0 | Abyss:1  | Reached XP level 1. HP: 18/18 MP: 2/2
    62 | Abyss:1  | Noticed a large abomination
   130 | Abyss:2  | Noticed a neqoxec
   137 | Abyss:2  | Gained mutation: You occasionally shout uncontrollably at your foes. [a neqoxec]
   146 | Abyss:2  | Noticed a raiju
   149 | D:1      | Escaped the Abyss
   324 | D:1      | Noticed an ogre
   328 | D:1      | Noticed an ogre
   330 | D:1      | Noticed an ogre
   336 | D:1      | Noticed an ogre
   336 | D:1      | Reached skill level 1 in Dodging
   386 | D:1      | Gained mutation: You have a pair of small antennae on your head. [demonic ancestry]
   386 | D:1      | Reached XP level 2. HP: 24/24 MP: 4/4
   426 | D:1      | Reached * piety under Lugonu
  1165 | D:2      | Noticed Jessica
  1169 | D:2      | Gained mutation: You have sharp toenails. [demonic ancestry]
  1169 | D:2      | Reached XP level 3. HP: 26/29 MP: 5/5
  1199 | D:2      | Killed Jessica
  1199 | D:2      | Reached XP level 4. HP: 12/35 MP: 6/6
  1223 | D:2      | Gained mutation: You have a pair of antennae on your head. [potion of mutation]
  1223 | D:2      | Gained mutation: Potions and wands are less effective at restoring your health. [potion of mutation]
  1772 | D:2      | Reached ** piety under Lugonu
  2444 | D:3      | Gained mutation: You sometimes gain a little power by taking damage. [demonic ancestry]
  2444 | D:3      | Reached XP level 5. HP: 41/41 MP: 7/7
  2466 | D:3      | Lost mutation: You occasionally shout uncontrollably at your foes. [potion of cure mutation]
  2466 | D:3      | Lost mutation: You have a pair of antennae on your head. [potion of cure mutation]
  2467 | D:3      | Lost mutation: Potions and wands are less effective at restoring your health. [potion of cure mutation]
  2829 | D:4      | Noticed Pikel
  2831 | D:4      | Noticed a slave
  2837 | D:4      | Noticed a slave
  2843 | D:4      | Noticed a slave
  2843 | D:4      | Noticed a slave
  2898 | D:4      | HP: 1/41 [Pikel/whip of freezing (3)]
  2898 | D:4      | Slain by Pikel

Skill      XL: |  1  2  3  4  5 |
---------------+----------------+-----
Dodging        | 1 |  1.1
Armour         | 2 3 |  3.1
Axes           | 2 3 |  3.0
Invocations    | 3 |  3.6
Fighting       | |  3.6

Action                   |  1- 3 |  4- 6 || total
-------------------------+-------+-------++-------
Melee: Hand axe          |   109 |   156 ||   265
       Kick              |    10 |    35 ||    45
Invok: Depart the Abyss  |     1 |       ||     1
  Use: Potion            |       |    11 ||    11
       Scroll            |       |     5 ||     5
  Eat: Chunk             |       |     6 ||     6
Armor: Plate armour      |   104 |   125 ||   229
Dodge: Dodged            |    27 |    25 ||    52
Block: Buckler           |       |     7 ||     7
